 Dungeon Crawl Stone Soup version 0.22-a0-305-gd21a89c538 (webtiles) character file.

102 Oravi the Bolt Thrower (level 5, 0/32 HPs)
             Began as a Kobold Hunter on Mar 31, 2018.
             Slain by a gnoll
             ... wielding a +0 club
              (4 damage)
             ... on level 3 of the Dungeon.
             The game lasted 00:07:42 (2330 turns).

Oravi the Bolt Thrower (Kobold Hunter)              Turns: 2330, Time: 00:07:43

Health: 0/32       AC:  3    Str: 10    XL:     5   Next: 5%
Magic:  5/5        EV: 16    Int: 13    God:
Gold:   143        SH:  0    Dex: 15    Spells: 4/4 levels left

rFire    . . .     SeeInvis .   a - +1 hand crossbow
rCold    . . .     Gourm    .   (shield restricted)
rNeg     . . .     Faith    +   c - +0 leather armour
rPois    .         Spirit   .   (no helmet)
rElec    .         Reflect  .   (no cloak)
rCorr    .         Harm     .   (no gloves)
MR       .....                  (no boots)
Stlth    ++........             k - amulet of faith
HPRegen  0.10/turn              (no ring)
MPRegen  0.09/turn              (no ring)

@: flying, hasted, very quick
A: small, carnivore
a: no special abilities


You were on level 3 of the Dungeon.
You were completely stuffed.

You visited 1 branch of the dungeon, and saw 3 of its levels.

You collected 143 gold pieces.

Inventory:

Hand Weapons
 a - a +1 hand crossbow (weapon)
 b - a +0 short sword
Missiles
 d - 88 bolts (quivered)
Armour
 c - a +0 leather armour (worn)
Jewellery
 k - an amulet of faith (around neck)
Scrolls
 e - a scroll of enchant weapon {unknown}
 h - 3 scrolls of identify {unknown}
 i - a scroll of blinking {unknown}
 j - a scroll of immolation {unknown}
 o - a scroll of fog {unknown}
 q - a scroll of noise {unknown}
 r - a scroll of fear {unknown}
 s - a scroll of teleportation {unknown}
Potions
 m - a potion of agility {unknown}
 n - a potion of heal wounds {unknown}
Comestibles
 f - 4 rations
 p - 3 chunks of flesh


   Skills:
 + Level 2.9 Fighting
 + Level 3.2 Short Blades
 - Level 5.0 Crossbows
 * Level 4.1 Dodging
 - Level 1.3 Stealth


You had 4 spell levels left.
You didn't know any spells.

Dungeon Overview and Level Annotations

Branches:
Dungeon (3/15)

Altars:
Yredelemnul
Zin


Innate Abilities, Weirdness & Mutations

You are small and have problems with some larger weapons.
You are carnivorous and can eat meat at any time.


Message History

The gnoll is lightly wounded.
The gnoll completely misses you.
Firing (i - inventory)
d - 90 bolts (quivered)
Press: ? - help, Shift-Dir - straight line, f/p - gnoll
Aim: a gnoll, wielding a club (lightly wounded)
You shoot a bolt. The bolt closely misses the gnoll.
The gnoll hits you with a club.
* * * LOW HITPOINT WARNING * * *
Firing (i - inventory)
d - 89 bolts (quivered)
Press: ? - help, Shift-Dir - straight line, f/p - gnoll
Aim: a gnoll, wielding a club (lightly wounded)
You shoot a bolt. The bolt barely misses the gnoll.
The gnoll hits you with a club.
* * * LOW HITPOINT WARNING * * *
It was a potion of flight.
You feel very buoyant.
You fly up into the air.
The gnoll completely misses you.
It was a potion of haste.
You feel yourself speed up. The gnoll hits you with a club.
You die...

# #)...###..###...##### .###
##............g..?...# ....
#......###...........# ...
#......###g..........# ..
#......'.)....()...... #
#....((############### +
+......# #........# #
.#......#####........#### #
.......(.((.)g@........_# #####
###.......####........####
..... #.......# #........#
.....
#......#################......
#......#......#........#......
....##.........+........#......
.... #......)..#........#......
... #..................#.#####
#....######.##.....#.# #..


You could see a gnoll.

Vanquished Creatures
  2 gnolls (D:3)
  2 adders
  A worm (D:3)
  2 dart slugs
  5 orcs (D:3)
  3 giant cockroaches (D:1)
  2 gnoll zombies (D:3)
  8 goblins
  4 hobgoblins
  3 jackals (D:1)
  4 kobolds
  2 quokkas (D:3)
  5 bats
  4 frilled lizards
  4 rats (D:2)
51 creatures vanquished.

Notes
Turn   | Place    | Note
-------+----------+-------------------------------------------
     0 | D:1      | Oravi the Kobold Hunter began the quest for the Orb.
     0 | D:1      | Reached XP level 1. HP: 12/12 MP: 1/1
   137 | D:1      | Reached skill level 5 in Crossbows
   221 | D:1      | Reached XP level 2. HP: 15/17 MP: 2/2
   233 | D:1      | Reached skill level 1 in Short Blades
   972 | D:1      | Reached XP level 3. HP: 22/22 MP: 3/3
  2096 | D:3      | Reached XP level 4. HP: 27/27 MP: 4/4
  2126 | D:3      | Found a glowing silver altar of Zin.
  2254 | D:3      | Found a basalt altar of Yredelemnul.
  2324 | D:3      | Reached XP level 5. HP: 8/32 MP: 5/5
  2330 | D:3      | Slain by a gnoll

Vault maps used:
D:1:      nagdon_arrival_zigzag_paths
D:3:      lemuel_zombie_altar_yredelemnul, nicolae_overflow_crystal_walls,
          uniq_sigmund, uniq_grinder

Skill      XL: |  1  2  3  4 |
---------------+-------------+-----
Crossbows      | 5 |  5.0
Short Blades   | 1 2 3 |  3.2
Dodging        | 3 4 |  4.1
Fighting       | |  2.9
Stealth        | |  1.3

Action                   |  1- 3 |  4- 6 || total
-------------------------+-------+-------++-------
Melee: Short sword       |   147 |    10 ||   157
 Fire: Hand crossbow     |     7 |    38 ||    45
  Use: Potion            |       |     2 ||     2
 Stab: Sleeping          |     3 |       ||     3
  Eat: Chunk             |    12 |     1 ||    13
Armor: Leather armour    |    32 |       ||    32
Dodge: Dodged            |   120 |    15 ||   135

Table legend:
 A = Spawn XP
 B = Non-spawn XP
 C = Spawn XP percentage of total XP
 D = Spawn monster count
 E = Non-spawn monster count
 F = Spawn count percentage of total count
 G = Total turns spent on level
                    A         B        C        D         E        F      G
               +---------+---------+-------+---------+---------+-------+---------
         Total |       0 |     146 |   0.0 |       0 |      51 |   0.0 |  2330
               +---------+---------+-------+---------+---------+-------+---------
           D:1 |       0 |      34 |   0.0 |       0 |      18 |   0.0 |  1338
           D:2 |       0 |      30 |   0.0 |       0 |      13 |   0.0 |   742
           D:3 |       0 |      82 |   0.0 |       0 |      20 |   0.0 |   250
               +---------+---------+-------+---------+---------+-------+---------
